 Dungeon Crawl Stone Soup version 0.17-a0-1519-g2001520 (webtiles) character file.

658 mrath the Archer (level 7, 0/58 HPs)
             Began as a Centaur Hunter on July 13, 2015.
             Slain by a gnoll
             ... wielding a +0 halberd
              (2 damage)
             ... on level 4 of the Dungeon.
             The game lasted 00:36:08 (3474 turns).

mrath the Archer (Centaur Hunter)                   Turns: 3474, Time: 00:36:09

Health: 0/58       AC:  9    Str: 16    XL:     7   Next: 30%
Magic:  7/7        EV:  9    Int: 10    God:
Gold:   138        SH:  0    Dex: 10    Spells: 0 memorised, 6 levels left

rFire  + . .     SeeInvis .     c - +0 short sword
rCold  + . .     Clarity  .     x - +0 ring mail {rC+}
rNeg   . . .     SustAt   .     (no shield)
rPois  .         Gourm    .     H - +2 helmet
rElec  .         Spirit   .     (no cloak)
rCorr  .         Warding  .     y - +0 pair of gloves
rMut   .         Stasis   .     (no barding)
MR     +....                    (no amulet)
Stlth  ..........               B - ring of protection from magic
                                r - ring of protection from fire

@: very quick, somewhat resistant to hostile enchantments, extremely unstealthy
A: hooves 3, deformed body, speed 2, tough skin 3
a: no special abilities


You were on level 4 of the Dungeon.
You were not hungry.

You visited 1 branch of the dungeon, and saw 4 of its levels.

You collected 138 gold pieces.

Inventory:

Hand weapons
 a - a +1 shortbow
 c - a +0 short sword (weapon)
 m - a cursed -3 mace
 w - a +0 hunting sling
Missiles
 b - 22 arrows
 i - 8 bolts of frost
 p - 181 stones (quivered)
 I - 13 sling bullets
Armour
 d - a +0 leather armour
 x - a +0 ring mail of cold resistance (worn)
 y - a +0 pair of gloves (worn)
 D - a +0 buckler
 H - a +2 helmet (worn)
Jewellery
 r - a ring of protection from fire (left hand)
 B - a ring of protection from magic (right hand)
 F - a +2 ring of evasion {unknown}
Magical devices
 f - a wand of digging (14)
Scrolls
 j - 3 scrolls of remove curse
 n - 2 scrolls of enchant armour {unknown}
 C - a scroll of immolation {unknown}
 E - a scroll of enchant weapon {unknown}
 J - a scroll of amnesia {unknown}
 K - a scroll of identify
 M - a scroll of teleportation {unknown}
Potions
 h - a potion of might {unknown}
 k - a potion of ambrosia {unknown}
 o - a potion of curing
 s - a potion of mutation {unknown}
 t - a potion of haste {unknown}
 u - a potion of agility {unknown}
 v - a potion of brilliance {unknown}
 z - 2 potions of lignification {unknown}
 L - a potion of heal wounds {unknown}
Comestibles
 e - 4 bread rations
 g - a beef jerky
 q - a slice of pizza
 A - a meat ration


   Skills:
 * Level 3.8 Fighting
 * Level 9.5 Bows
 - Level 0.3 Throwing
 + Level 1.4 Armour
 + Level 2.3 Dodging
 + Level 1.3 Stealth


You had 6 spell levels left.
You didn't know any spells.

Dungeon Overview and Level Annotations

Branches:
Dungeon (4/15)
 Temple: D:4-7

Altars:
Fedhas
Zin

Annotations:
D:4 exclusion: oklob plant


Innate Abilities, Weirdness & Mutations

You have hooves in place of feet.
Armour fits poorly on your strangely shaped body.
You cover ground very quickly.
You have extremely tough skin (AC +3).


Message History

The stone hits the gnoll but does no damage.
The gnoll closely misses you. The gnoll completely misses you.
The gnoll hits you with a spear.
* * * LOW HITPOINT WARNING * * *
You see here a hound corpse.
The gnoll barely misses you. The gnoll hits you but does no damage.
You see here a hound corpse.
You barely miss the gnoll. You kick the gnoll, but do no damage.
The gnoll hits you but does no damage. The gnoll barely misses you.
You closely miss the gnoll. You kick the gnoll.
The gnoll is lightly wounded.
The gnoll hits you but does no damage.
The gnoll hits you from afar with a halberd!
* * * LOW HITPOINT WARNING * * *
You closely miss the gnoll.
The gnoll is lightly wounded.
The gnoll closely misses you.
The gnoll hits you from afar with a halberd.
You die...

.....# .....###
##.#...# ##.#...#
.......# ##### #>##...#
##...## ..##...#
#.....###
.......##.#....).##
.####..#.##....#@.#
...###..# #....##g#
...###.# ##..##Hg#
.(((...# #####g##
....(..########..###
.....(.............##
....(...............#
#..#....###........####
........##...##.......#


You could see 2 gnolls.

Vanquished Creatures
  Grinder (D:4)
  An ice beast (D:4)
  An ogre (D:3)
  3 hounds (D:4)
  2 worker ants (D:4)
  2 adders
  A shadow imp (D:4)
  2 oozes
  4 worms
  An adder skeleton (D:4)
  4 giant geckos
  6 orcs
  5 ball pythons
  10 bats
  3 giant cockroaches
  11 goblins
  5 hobgoblins
  7 jackals
  10 kobolds
  2 quokkas
  A ball python skeleton (D:4)
  4 giant newts
  11 rats
97 creatures vanquished.

Notes
Turn   | Place    | Note
--------------------------------------------------------------
     0 | D:1      | mrath the Centaur Hunter began the quest for the Orb.
     0 | D:1      | Reached XP level 1. HP: 17/17 MP: 1/1
   275 | D:1      | Reached XP level 2. HP: 24/24 MP: 2/2
   339 | D:1      | Reached skill level 6 in Bows
   798 | D:1      | Reached XP level 3. HP: 29/29 MP: 3/3
  1330 | D:2      | Reached skill level 7 in Bows
  1574 | D:3      | Noticed an ogre
  1580 | D:3      | Killed an ogre
  1580 | D:3      | Reached skill level 8 in Bows
  1580 | D:3      | Reached XP level 4. HP: 36/36 MP: 4/4
  1580 | D:3      | Reached XP level 5. HP: 41/41 MP: 5/5
  2000 | D:3      | Found a glowing silver altar of Zin.
  2312 | D:4      | Noticed a hippogriff
  2476 | D:4      | Reached skill level 1 in Armour
  2554 | D:4      | Reached XP level 6. HP: 12/49 MP: 6/6
  3093 | D:4      | Found a blossoming altar of Fedhas.
  3112 | D:4      | Noticed an oklob plant
  3209 | D:4      | Reached skill level 9 in Bows
  3308 | D:4      | Noticed Grinder
  3335 | D:4      | Reached skill level 1 in Stealth
  3357 | D:4      | Paralysed by Grinder for 5 turns
  3375 | D:4      | Paralysed by Grinder for 2 turns
  3387 | D:4      | Paralysed by Grinder for 3 turns
  3401 | D:4      | Killed Grinder
  3401 | D:4      | Reached XP level 7. HP: 11/58 MP: 7/7
  3473 | D:4      | HP: 2/58 [gnoll/halberd (12)]
  3474 | D:4      | Slain by a gnoll

Vault maps used:
D:1:      dpeg_arrival_round_b
D:2:      hangedman_decor_peaks_small, grunt_ministairs_7
D:3:      zin_statuary, first_bread
D:4:      kennysheep_little_box, tgw_fedhas, uniq_grinder

Action                   |  1- 3 |  4- 6 |  7- 9 || total
-------------------------+-------+-------+-------++-------
Melee: Short sword       |    27 |   138 |    14 ||   179
 Fire: Shortbow          |   108 |   135 |       ||   243
Throw: Throwing net      |       |     4 |       ||     4
       Stone             |       |     2 |     1 ||     3
  Use: Scroll            |     2 |     3 |     1 ||     6
       Potion            |       |     1 |       ||     1
  Eat: Chunk             |     1 |     5 |       ||     6
